 Dungeon Crawl Stone Soup version 0.27.0-1-g7a089689b8 (webtiles) character file.

Game seed: 5080549464686641230

4 wakim the Sneak (level 1, -1/10 HPs)
             Began as a Kobold Enchanter on Aug 2, 2021.
             Slain by a goblin (2 damage)
             ... on level 1 of the Dungeon.
             The game lasted 00:00:52 (386 turns).

wakim the Sneak (Kobold Enchanter)                   Turns: 386, Time: 00:00:53

Health: -1/10      AC:  2    Str:  5    XL:     1   Next: 66%
Magic:  2/3        EV: 15    Int: 16    God:
Gold:   31         SH:  0    Dex: 15    Spells: 3/4 levels left

rFire    . . .     SeeInvis .   a - +1 dagger
rCold    . . .     Faith    .   (shield restricted)
rNeg     . . .     Spirit   .   b - +0 robe
rPois    .         Reflect  .   (no helmet)
rElec    .         Harm     .   (no cloak)
rCorr    .         Rampage  .   (no gloves)
Will     .....                  (no boots)
Stlth    ++++......             (no amulet)
HPRegen  0.03/turn              (no ring)
MPRegen  0.08/turn              (no ring)

@: no status effects
A: small, no large weapons, nightstalker 3
a: no special abilities


You were on level 1 of the Dungeon.
You visited 1 branch of the dungeon, and saw 1 of its levels.

You collected 31 gold pieces.

Inventory:

Hand Weapons
 a - a +1 dagger (weapon)
Armour
 b - a +0 robe (worn)
 e - a +0 pair of gloves
Scrolls
 c - a scroll of identify {unknown}
 d - a scroll of fog {unknown}


   Skills:
 * Level 2.0 Short Blades
 + Level 2.6 Dodging
 - Level 4.0 Stealth
 - Level 2.1 Spellcasting
 - Level 3.0 Hexes


You had 3 spell levels left.
You knew the following spells:

 Your Spells              Type           Power      Damage    Failure   Level
a - Corona                Hex            12%        N/A       6%          1

Your spell library contained the following spells:

 Spells                   Type           Power      Damage    Failure   Level
 Ensorcelled Hibernation  Hex/Ice        12%        N/A       17%         2
 Confusing Touch          Hex            11%        N/A       19%         3
 Tukima's Dance           Hex            11%        N/A       19%         3
 Dazzling Flash           Conj/Hex       12%        N/A       32%         3


Dungeon Overview and Level Annotations

Branches:
Dungeon (1/15)

Altars:


Innate Abilities, Weirdness & Mutations

You are small and have problems with some larger weapons.
You are completely attuned to the shadows.


Message History

The hobgoblin closely misses you.
You hit the hobgoblin.
You kill the hobgoblin!
Found 6 gold pieces.
You now have 21 gold pieces (gained 6).
A bat comes into view.
A goblin and a hobgoblin come into view.
Found 10 gold pieces.
You now have 31 gold pieces (gained 10).
e - a +0 pair of gloves A ball python comes into view.
A goblin comes into view. It is wielding a +0 club.
A hobgoblin comes into view.
The ball python hisses angrily.
The goblin shouts!
You hit the ball python.
The ball python is moderately wounded.
The ball python misses you. The ball python barely misses you. x2
The ball python misses you.
You hit the ball python.
You kill the ball python!
The goblin closely misses you.
Your Short Blades skill increases to level 2!
You closely miss the goblin. The goblin hits you with a +0 club.
You hit the goblin.
The goblin is moderately wounded.
The goblin hits you with a +0 club.
* * * LOW HITPOINT WARNING * * *
Casting: Corona (safe; 6% risk of failure)
Confirm with . or Enter, or press ? or * to list all spells.
Aiming: Corona (safe; 6% risk of failure)
Press: ? - help, Shift-Dir - straight line, f - goblin
Aim: a goblin, wielding a +0 club (chance to affect: 64%)
The goblin is outlined in light.
You barely miss the goblin. The goblin barely misses you.
You closely miss the goblin. The goblin hits you with a +0 club.
* * * LOW HITPOINT WARNING * * *
You hit the goblin.
The goblin is severely wounded.
The goblin hits you with a +0 club.
You die...

#...... ##.....
##.... ########
###########.......
#...g.............
#g################
#g# #@# #.# #.#
#.# #.# #.# #.#
#.### #...#


You could see a hobgoblin and a goblin (corona).

Vanquished Creatures
  2 hobgoblins (D:1)
  A ball python (D:1)
  A goblin (D:1)
4 creatures vanquished.

Notes
Turn   | Place    | Note
-------+----------+-------------------------------------------
     0 | D:1      | wakim the Kobold Enchanter began the quest for the Orb.
     0 | D:1      | Reached XP level 1. HP: 10/10 MP: 3/3
   386 | D:1      | Slain by a goblin

Illustrated notes

Levels and vault maps discovered:
D:1:      wheals_arrival_shading, layout_rooms, minmay_pentomino_v4

Skill      XL: |  1 |
---------------+----+-----
Short Blades   | 2 |  2.0
Dodging        | |  2.6
Stealth        | |  4.0
Spellcasting   | |  2.1
Hexes          | |  3.0

Action                   || total
-------------------------++-------
Melee: Dagger            ||    25
 Cast: Corona            ||     1
 Stab: Sleeping          ||     1
Armor: Robe              ||     1
Dodge: Dodged            ||    18
